 Dungeon Crawl Stone Soup version 0.31-a0-960-g0fca184906 (webtiles) character file.

Game seed: 18289925077913849552

7 Arzdou the Chiller (level 1, 0/10 HPs)
             Began as a Deep Elf Ice Elementalist on Oct 23, 2023.
             Constricted to death by a ball python (1 damage)
             ... on level 1 of the Dungeon.
             The game lasted 00:00:24 (84 turns).

Arzdou the Chiller (Deep Elf Ice Elementalist)        Turns: 84, Time: 00:00:25

Health: 0/10       AC:  2    Str:  5    XL:     1   Next: 83%
Magic:  2/6        EV:  9    Int: 19    God:
Gold:   10         SH:  0    Dex: 15    Spells: 5/6 levels left

rFire   . . .        c - staff of air
rCold   . . .        (no shield)
rNeg    . . .        a - +0 robe
rPois   .            (no helmet)
rElec   +            (no cloak)
rCorr   .            (no gloves)
SInv    .            (no boots)
Will    .....        (no amulet)
Stlth   ++           (no ring)
HPRegen 0.21/turn    (no ring)
MPRegen 0.10/turn

%: no passive effects
@: constricted
A: no striking features
a: no special abilities


You were on level 1 of the Dungeon.
You visited 1 branch of the dungeon, and saw 1 of its levels.

You collected 10 gold pieces.

Inventory:

Armour
 a - a +0 robe (worn)
Magical Staves
 c - a staff of air (weapon)
Potions
 b - a potion of magic


   Skills:
 - Level 2.5 Dodging
 - Level 2.5 Stealth
 + Level 3.3 Spellcasting
 + Level 4.5 Ice Magic


You had 5 spell levels left.
You knew the following spells:

 Your Spells              Type           Power      Damage    Failure   Level
a - Freeze                Ice            80%        1d9       2%          1

Your spell library contained the following spells:

 Spells                   Type           Power      Damage    Failure   Level
 Frozen Ramparts          Ice            40%        1d7       7%          3
 Ozocubu's Armour         Ice            20%        N/A       7%          3
 Summon Ice Beast         Ice/Summ       11%        N/A       50%         4


Dungeon Overview and Level Annotations

Branches:
Dungeon (1/15)

Altars:


Message History

Found a leather armour.
There are no items here.
Okay, then.
You can't see any susceptible monsters within range! (Use Z to cast anyway.)
Found a stone staircase leading down.
You freeze the hobgoblin.
The hobgoblin shouts!
The hobgoblin is moderately wounded.
You hear a shout!
A hobgoblin comes into view.
The hobgoblin barely misses you.
You hear an angry hiss.
You freeze the hobgoblin!
You kill the hobgoblin!
You can't see any susceptible monsters within range! (Use Z to cast anyway.)
A ball python and an endoplasm come into view.
The ball python hisses angrily.
The hobgoblin barely misses you.
A ball python comes into view.
You freeze the hobgoblin.
The hobgoblin is almost dead.
The ball python hisses angrily.
The hobgoblin hits you.
You freeze the hobgoblin.
You kill the hobgoblin!
You can't see any susceptible monsters within range! (Use Z to cast anyway.) Unknown command.
Unknown command.
The ball python bites you. The ball python grabs you.
The ball python constricts you. The ball python loses its grip on you.
You freeze the endoplasm.
The endoplasm is heavily wounded.
The ball python bites you. The ball python grabs you.
The ball python constricts you. The endoplasm freezes you.
You are frozen.
* * * LOW HITPOINT WARNING * * *
The ball python closely misses you. The ball python constricts you.
You die...

##.. #.. ###.### ##.....
###....# #......# #.#
....##..S# #.# .......#J##
#.# .[#....#S@## #.#
....#+###.)## #.#
...##.##....###.#
...#...###...##.# >.
#...#####....# #...#
..#.##.### ##...##
...##...#######
#####..8..#####...#.......#
#.............##..........#


You could see an endoplasm and 2 ball pythons.

Vanquished Creatures
  A bat (D:1)
  An endoplasm (D:1)
  A goblin (D:1)
  2 hobgoblins (D:1)
5 creatures vanquished.

Notes
Turn   | Place    | Note
-------+----------+-------------------------------------------
     0 | D:1      | Arzdou the Deep Elf Ice Elementalist began the quest for
                  | the Orb.
     0 | D:1      | Reached XP level 1. HP: 10/10 MP: 6/6
    84 | D:1      | Constricted to death by a ball python

Illustrated notes

Levels and vault maps discovered:
D:1:      evilmike_arrival_plus, layout_rooms,
          hellmonk_ecumenical_altar_heavens_door, minmay_small_reverse_x

Action                     || total
---------------------------++-------
  Melee: Unarmed           ||     1
   Cast: Freeze            ||     8
 Armour: Robe              ||     7
  Dodge: Dodged            ||     7

Table legend: (Time is in decaauts)
 A = Elapsed time spent in this place.
 B = Non-inter-level travel time spent in this place.
 C = Inter-level travel time spent in this place.
 D = Time resting spent in this place.
 E = Time spent auto-exploring this place.
 F = Levels seen in this place.
 G = Mean time per level.
                   A        B        C        D        E       F      G
               +--------+--------+--------+--------+--------+-----+--------+
         Total |     83 |     83 |      0 |      0 |     59 |   1 |   83.0 |
       Dungeon |     83 |     83 |      0 |      0 |     59 |   1 |   83.0 |
               +--------+--------+--------+--------+--------+-----+--------+

Top non-repeatable levels by time:
     D:1: 83 daAuts
